 Dungeon Crawl Stone Soup version 0.27-a0-1206-g6342a01c75 (webtiles) character file.

Game seed: 6771164044852147083

11 EnegeticOcto the Cudgeller (level 2, -4/24 HPs)
             Began as a Demonspawn Chaos Knight on June 5, 2021.
             Was a Plaything of Xom.
             Succumbed to a goblin's poison
             ... on level 1 of the Dungeon.
             The game lasted 00:00:33 (278 turns).

EnegeticOcto the Cudgeller (Demonspawn Chaos Knight) Turns: 278, Time: 00:00:34

Health: -4/24      AC:  3    Str: 12    XL:     2   Next: 17%
Magic:  2/2        EV: 11    Int: 13    God:    Xom [......]
Gold:   10         SH:  0    Dex: 12    Spells: 1/1 levels left

rFire    . . .     SeeInvis .   a - +0 mace (chaos)
rCold    . . .     Faith    .   (no shield)
rNeg     . . .     Spirit   .   b - +2 leather armour
rPois    .         Reflect  .   (no helmet)
rElec    .         Harm     .   (no cloak)
rCorr    .         Rampage  .   (no gloves)
Will     .....                  (no boots)
Stlth    +.........             (no amulet)
HPRegen  0.08/turn              (no ring)
MPRegen  0.08/turn              (no ring)

@: lethally poisoned (-4 -> -29)
A: sturdy frame 1, hooves 1, deformed body
a: Renounce Religion


You were on level 1 of the Dungeon.
You worshipped Xom.
You were a very special plaything of Xom.
You visited 1 branch of the dungeon, and saw 1 of its levels.

You collected 10 gold pieces.

Inventory:

Hand Weapons
 a - a +0 mace of chaos (weapon)
Armour
 b - a +2 leather armour (worn)
Jewellery
 c - a ring of ice
   (You found it on level 1 of the Dungeon)
Scrolls
 e - a scroll of identify {unknown}
Potions
 d - a potion of attraction {unknown}


   Skills:
 - Level 3.0 Fighting
 + Level 3.3 Maces & Flails
 - Level 1.7 Armour
 - Level 0.8 Dodging


You had one spell level left.
You didn't know any spells.
Your spell library was empty.

Dungeon Overview and Level Annotations

Branches:
Dungeon (1/15)

Altars:


Innate Abilities, Weirdness & Mutations

Your movements are slightly less encumbered by armour. (ER -2)
You have large cloven feet.
Armour fits poorly on your strangely shaped body.


Message History

The bat hits you but does no damage.
You closely miss the bat. The bat barely misses you.
You closely miss the bat. The bat hits you but does no damage.
Your leather armour prevents you from hitting the bat.
The bat barely misses you. The bat hits you but does no damage.
You barely miss the bat. The bat barely misses you. The bat barely misses you.
You hit the bat.
You kill the bat!
You have reached level 2!
Your demonic ancestry asserts itself...
You feel less encumbered by your armour.
Xom thinks this is hilarious!
Unknown command.
d - a bubbling pink potion An endoplasm comes into view.
The endoplasm quivers.
An endoplasm is nearby!
The endoplasm hits you but does no damage.
Found 24 sling bullets.
Found an escape hatch in the floor.
You hit the endoplasm. You burn the endoplasm.
The endoplasm is moderately wounded.
The endoplasm freezes you.
You are frozen.
You sock the endoplasm! You freeze the endoplasm.
You kill the endoplasm!
No target in view!
No target in view!
No target in view!
No target in view!
No target in view!
e - a scroll labelled KECADA JUNK Xom snickers.
Nothing appears to happen...
Ominous!
You are now a very special plaything of Xom.
A goblin comes into view. It is wielding a +0 dagger.
The goblin shouts!
A goblin is nearby!
The goblin closely misses you.
You hit the goblin. You freeze the goblin.
The goblin is heavily wounded.
The goblin barely misses you. The goblin misses you.
You hit the goblin. You burn the goblin.
You kill the goblin!
No target in view!
No target in view!
No target in view!
Things that are here:
a +0 dagger; a goblin corpse You now have 10 gold pieces (gained 2).
Xom's power brushes against you for a moment.
Your body is suffused with distortional energy.
Your feet thicken and deform.
Your body twists and deforms.
A frilled lizard comes into view.
A frilled lizard is nearby!
Found a murky sapphire potion.
Found a stone staircase leading down.
A goblin comes into view. It is wielding a +0 dagger of venom.
The helpless frilled lizard fails to defend itself.
You hit the frilled lizard.
The frilled lizard is heavily wounded.
The frilled lizard bites you but does no damage.
You closely miss the frilled lizard.
The frilled lizard is heavily wounded.
The frilled lizard barely misses you.
You barely miss the frilled lizard.
The frilled lizard is heavily wounded.
The frilled lizard barely misses you. The goblin hits you but does no damage.
You are poisoned.
The frilled lizard barely misses you.
You barely miss the frilled lizard.
The frilled lizard is heavily wounded.
You feel very sick. The goblin closely misses you.
The frilled lizard bites you but does no damage.
You miss the frilled lizard.
The frilled lizard is heavily wounded.
You feel sick.
The goblin hits you with a +0 dagger of venom.
You are more poisoned.
The frilled lizard barely misses you.
The goblin hits you with a +0 dagger of venom.
You are more poisoned.
You hit the frilled lizard.
You feel better.
You kill the frilled lizard!
You feel extremely sick. The goblin completely misses you.
You are too injured to fight recklessly!
There is a lethal amount of poison in your body!
There is a lethal amount of poison in your body!
You closely miss the goblin. You kick the goblin, but do no damage.
* * * LOW HITPOINT WARNING * * *
You feel very sick.
The goblin hits you with a +0 dagger of venom.
* * * LOW HITPOINT WARNING * * *
You are more poisoned.
You barely miss the goblin. You kick the goblin.
The goblin is heavily wounded.
You die...
Xom howls with laughter!

.######.#........#
.######.#.##.###.#
.#.....)..##.# #.#
##.###..####.###.###.#
# #..####.........#
#..#........#####
#..#........#
#..#........#######
...#.......@....... #
#.........g#†######
...!... .# ......> .#
#.....# ## ##....
##.#. #.#.


You could see a goblin.

Vanquished Creatures
  2 ball pythons (D:1)
  A bat (D:1)
  An endoplasm (D:1)
  2 giant cockroaches (D:1)
  A goblin (D:1)
  A hobgoblin (D:1)
  A frilled lizard (D:1)
  A rat (D:1)
10 creatures vanquished.

Notes
Turn   | Place    | Note
-------+----------+-------------------------------------------
     0 | D:1      | EnegeticOcto the Demonspawn Chaos Knight began the quest
                  | for the Orb.
     0 | D:1      | Reached XP level 1. HP: 18/18 MP: 1/1
   129 | D:1      | Reached skill level 3 in Maces & Flails
   165 | D:1      | Gained mutation: Your movements are slightly less
                  | encumbered by armour. (ER -2) [demonic ancestry]
   165 | D:1      | Reached XP level 2. HP: 24/24 MP: 2/2
   244 | D:1      | XOM: silly message
   260 | D:1      | XOM: give mutations
   260 | D:1      | Gained mutation: You have large cloven feet. [Xom's
                  | mischief]
   260 | D:1      | Gained mutation: Armour fits poorly on your strangely
                  | shaped body. [Xom's mischief]
   278 | D:1      | Succumbed to a goblin's poison

Illustrated notes

Levels and vault maps discovered:
D:1:      dpeg_arrival_prison, layout_loops_ring, bh_walls_and_bars

Skill      XL: |  1 |
---------------+----+-----
Maces & Flails | 3 |  3.3
Fighting       | |  3.0
Armour         | |  1.7
Dodging        | |  0.8

Action                   || total
-------------------------++-------
Melee: Mace              ||    26
       Kick              ||     2
 Stab: Sleeping          ||     1
Armor: Leather armour    ||    11
Dodge: Dodged            ||    19

Table legend: (Time is in decaauts)
 A = Elapsed time spent in this place.
 B = Non-inter-level travel time spent in this place.
 C = Inter-level travel time spent in this place.
 D = Time resting spent in this place.
 E = Time spent auto-exploring this place.
 F = Levels seen in this place.
 G = Mean time per level.
                   A        B        C        D        E       F      G
               +--------+--------+--------+--------+--------+-----+--------+
         Total |    284 |    284 |      0 |     27 |    141 |   1 |  284.0 |
       Dungeon |    284 |    284 |      0 |     27 |    141 |   1 |  284.0 |
               +--------+--------+--------+--------+--------+-----+--------+

Top non-repeatable levels by time:
     D:1: 284 daAuts
